 Dungeon Crawl Stone Soup version 0.30.1-11-g7821555f0a (webtiles) character file.

Game seed: 11890791320288645071

235 pkoi the Conjurer (level 5, -1/38 HPs)
             Began as a Draconian Conjurer on Nov 9, 2023.
             Was a Follower of Sif Muna.
             Slain by a hornet (4 damage)
             ... while paralysed by a hornet
             ... on level 5 of the Dungeon.
             The game lasted 00:04:53 (3939 turns).

pkoi the Conjurer (Draconian Conjurer)              Turns: 3939, Time: 00:04:54

Health: -1/38      AC:  6    Str:  9    XL:     5   Next: 76%
Magic:  0/8        EV:  2    Int: 21    God:    Sif Muna [*.....]
Gold:   43         SH:  0    Dex:  9    Spells: 5/8 levels left

rFire   . . .        r - +3 halberd
rCold   . . .        (shield currently unavailable)
rNeg    + . .        (body armour unavailable)
rPois   .            (helmet restricted)
rElec   .            h - +0 cloak
rCorr   .            (no gloves)
SInv    .            (no boots)
Will    .....        (no amulet)
Stlth   ++           k - ring of positive energy
HPRegen 0.26/turn    (no ring)
MPRegen 0.11/turn

%: no passive effects
@: paralysed
A: AC +5, unfitting armour, cold-blooded
a: Renounce Religion, Channel Magic


You were on level 5 of the Dungeon.
You worshipped Sif Muna.
Sif Muna was aware of your devotion.
You visited 1 branch of the dungeon, and saw 5 of its levels.

You collected 202 gold pieces.
You spent 159 gold pieces at shops.

Inventory:

Hand Weapons
 c - a +0 club
 m - a +0 dagger of protection
 r - a +3 halberd (weapon)
Missiles
 l - 5 curare-tipped darts
Armour
 h - a +0 cloak (worn)
Jewellery
 k - a ring of positive energy (left hand)
Scrolls
 b - 3 scrolls of noise {unknown}
 f - 3 scrolls of identify {unknown}
 g - a scroll of immolation {unknown}
 n - a scroll of blinking {unknown}
 o - a scroll of fog {unknown}
 p - a scroll of magic mapping {unknown}
 q - 2 scrolls of vulnerability {unknown}
Potions
 a - 2 potions of magic
 d - 6 potions of curing
 e - 2 potions of berserk rage {unknown}
 i - a potion of flight {unknown}
 j - 2 potions of lignification {unknown}
 s - a potion of heal wounds {unknown}


   Skills:
 - Level 1.7 Dodging
 - Level 1.7 Stealth
 - Level 2.0 Spellcasting
 + Level 7.1 Conjurations


You had 5 spell levels left.
You knew the following spells:

 Your Spells              Type           Power      Damage    Failure   Level
a - Magic Dart            Conj           100%       1d8       1%          1
b - Searing Ray           Conj           64%        2d6       1%          2

Your spell library contained the following spells:

 Spells                   Type           Power      Damage    Failure   Level
 Dazzling Flash           Conj/Hex       34%        N/A       11%         3
 Sting                    Tmut/Pois      8%         1d3       14%         1
 Cigotuvi's Dreadful Rot  Necr/Pois/Air  4%         N/A       22%         2
 Poisonous Vapours        Pois/Air       4%         N/A       22%         2
 Fulminant Prism          Conj/Hex       8%         3d7       34%         4
 Iskenderun's Mystic Bla  Conj/Tloc      17%        2d5       34%         4
 Sticky Flame             Conj/Fire      17%        2d4       34%         4
 Ignite Poison            Fire/Tmut/Pois 2%         N/A       41%         3
 Ozocubu's Armour         Ice            2%         N/A       41%         3
 Dispel Undead            Necr           2%         3d7       82%         4
 Olgreb's Toxic Radiance  Pois           2%         N/A       82%         4
 Death Channel            Necr           1%         N/A       100%        6
 Ozocubu's Refrigeration  Ice            1%         4d7       100%        7
 Ignition                 Fire           1%         3d3       100%        8


Dungeon Overview and Level Annotations

Branches:
Dungeon (5/15)
 Temple: D:4-7

Altars:
Gozag
Kikubaaqudgha
Okawaru
Qazlal
Ru
Sif Muna
Vehumet
Xom
Yredelemnul
Zin
The Shining One

Shops:
D:3 !   D:5 !


Innate Abilities, Weirdness & Mutations

Your plain brown scales are hard. (AC +5)
You cannot fit into any form of body armour.
You are cold-blooded and may be slowed by cold attacks.


Message History

The hornet is moderately wounded.
You feel yourself speed up.
You feel very sick.
The hornet stings you but does no damage.
The hornet barely misses you.
Aiming: Magic Dart (safe; 1% risk of failure)
Press: ? - help, Q - select action, (/) - cycle Shift-Dir - straight line, f/p - hornet
Aim: a hornet (moderately wounded, 100% to hit)
The magic dart hits the hornet but does no damage.
The hornet is moderately wounded.
You feel sick. The hornet misses you. The hornet completely misses you.
Casting: Magic Dart (safe; 1% risk of failure)
Confirm with . or Enter, or press ? or * to list all spells.
Aiming: Searing Ray (safe; 1% risk of failure)
Press: ? - help, Shift-Dir - straight line, f/p - hornet
Aim: a hornet (lightly wounded, 71% to hit)
The searing ray misses the hornet. (Press . to maintain the ray.)
You feel sick.
The hornet stings you but does no damage.
The searing ray hits the hornet.
The hornet is moderately wounded.
You feel sick. The hornet closely misses you. The hornet stings you!
* * * LOW HITPOINT WARNING * * *
You feel yourself slow down.
The searing ray hits the hornet!
The hornet is heavily wounded.
You feel yourself speed up.
You feel sick.
The hornet stings you but does no damage.
The hornet closely misses you.
Unknown command.
The searing ray misses the hornet.
You finish channelling your searing ray.
You feel sick. The hornet completely misses you.
You feel better. The hornet barely misses you. The hornet stings you!
* * * LOW HITPOINT WARNING * * *
You suddenly lose the ability to move!
The hornet stings you.
You die...

#.#### #....#
####.# #.#
#.# #.# #.#
#.# ### # #@#
...#. #y#
##.#.####.#
#.........#
#...8#8.8##
##.........##
...8.>.∩.<.8#
###........##
#.#8#8#8##


You could see a hornet.

Vanquished Creatures
  A scorpion (D:4)
  A howler monkey (D:5)
  3 gnolls (D:4)
  5 adders
  A worm (D:2)
  3 dart slugs
  7 ball pythons
  6 endoplasms
  3 giant cockroaches
  8 goblins
  4 hobgoblins
  5 jackals
  6 quokkas
  2 frilled lizards
  3 kobolds
  4 rats
62 creatures vanquished.

Notes
Turn   | Place    | Note
-------+----------+-------------------------------------------
     0 | D:1      | pkoi the Draconian Conjurer began the quest for the Orb.
     0 | D:1      | Reached XP level 1. HP: 14/14 MP: 3/3
   173 | D:1      | Reached XP level 2. HP: 20/20 MP: 1/5
   980 | D:1      | Reached skill level 5 in Conjurations
   999 | D:2      | Reached XP level 3. HP: 25/26 MP: 3/6
  1202 | D:2      | Learned a level 2 spell: Searing Ray
  1395 | D:2      | Identified the +2 robe "Myamof" {rElec Int+3}
  1690 | D:2      | You fall into a shaft and drop 1 floor!
  2022 | D:3      | Reached XP level 4. HP: 33/33 MP: 0/7
  2228 | D:3      | Found a shimmering blue altar of Sif Muna.
  2235 | D:3      | Found an iron altar of Okawaru.
  2251 | D:3      | Became a worshipper of Sif Muna the Loreminder
  2257 | D:3      | Found Virr's Distillery.
  2264 | D:3      | Bought a potion of degeneration for 14 gold pieces
  2264 | D:3      | Bought a potion of mutation for 112 gold pieces
  2804 | D:4      | Reached skill level 6 in Conjurations
  3477 | D:4      | Reached XP level 5. HP: 38/38 MP: 4/8
  3534 | D:4      | Found a stormy altar of Qazlal.
  3553 | D:4      | Reached * piety under Sif Muna
  3562 | D:4      | Found a radiant altar of Vehumet.
  3563 | D:4      | Found a glowing silver altar of Zin.
  3564 | D:4      | Found a shimmering altar of Xom.
  3564 | D:4      | Found a glowing golden altar of the Shining One.
  3564 | D:4      | Found a sacrificial altar of Ru.
  3565 | D:4      | Found a basalt altar of Yredelemnul.
  3566 | D:4      | Found an ancient bone altar of Kikubaaqudgha.
  3568 | D:4      | Found an opulent altar of Gozag.
  3856 | D:5      | Entered Level 5 of the Dungeon
  3856 | D:5      | Found Qehat's Distillery.
  3865 | D:5      | Reached skill level 7 in Conjurations
  3867 | D:5      | Bought a potion of curing for 33 gold pieces
  3928 | D:5      | Noticed a hornet
  3938 | D:5      | Paralysed by a hornet for 2 turns
  3939 | D:5      | Slain by a hornet

Illustrated notes

Levels and vault maps discovered:
D:1:      minmay_arrival_stone_box, layout_basic, minmay_misc_feat_four_crosses,
          kennysheep_minor_cross
D:2:      layout_loops_ring, minmay_misc_feat_more_columns
D:3:      layout_rooms, mainiacjoe_overflow_large_starburst, serial_shops,
          nicolae_shop_industrial_runoff
D:4:      layout_cave_pools, minitemple, dreamdust_wishing_well
D:5:      layout_basic, nicolae_stop_n_shop_2

Skill      XL: |  1  2  3  4  5 |
---------------+----------------+-----
Conjurations   | 5 6 7 |  7.1
Dodging        | |  1.7
Stealth        | |  1.7
Spellcasting   | |  2.0

Action                     |  1- 3 |  4- 6 || total
---------------------------+-------+-------++-------
  Melee: Unarmed           |     8 |       ||     8
         Tailslap          |     3 |     3 ||     6
         Club              |     9 |       ||     9
         Dagger            |       |    15 ||    15
         Halberd           |       |     3 ||     3
  Throw: Dart              |       |     1 ||     1
   Cast: Magic Dart        |    70 |    70 ||   140
         Searing Ray       |       |     1 ||     1
    Use: Potion            |       |     1 ||     1
 Armour: Skin              |    11 |    17 ||    28
  Dodge: Dodged            |    17 |    16 ||    33
